Unix NetHack Version 3.7.0-90 Work-in-progress - last build Dec 4 2023 15:25:40 (a4ad6ea61a8c493010e15c9251bbb19a34919cb7,branch:master). Game began 2023-12-09 14:24:14, ended 2023-12-09 14:29:55. Arasaka, chaotic male orcish Rogue ---- |..| |@%| ---------------- ---- |..............| +..............| |...>........... |..............| ----------.----- ## ### ##### ## # # # ## # # # 0### ------------|--## # -------.------ |.............|# ##-............. |.............|# |............| |.............-# |....<.......| --------------- |............+ -------------- Arasaka the Cutpurse St:13 Dx:18 Co:15 In:12 Wi:8 Ch:10 Chaotic Dlvl:4 $:1773 HP:0(35) Pw:8(8) AC:5 Xp:4/159 T:1177 Latest messages: That door is closed. That door is closed. The door opens. With great effort you move the boulder. That door is closed. The door opens. You learn more about your items by comparing them. g - an uncursed food ration (2 in total). This door is locked. Unlock it with your lock pick? [ynq] (q) You succeed in picking the lock. The door opens. You see here a pair of old gloves. y - a pair of old gloves. What do you want to wear? [my or ?*] You finish your dressing maneuver. You can't jump very far. What do you want to take off? [ruy or ?*] You finish taking off your gloves. What do you want to wield? [- abA or ?*] i - a scroll of blank paper (wielded). What do you want to wear? [my or ?*] You finish your dressing maneuver. What do you want to read? [inp or ?*] You feel a wrenching sensation. You materialize in a different location! $ - 700 gold pieces (721 in total). You can move again. $ - 640 gold pieces (1361 in total). $ - 145 gold pieces (1506 in total). $ - 267 gold pieces (1773 in total). Suddenly one of the Vault's guards enters! "I don't know you." "Most likely all your gold was stolen from this vault." "Please drop that gold and follow me." What do you want to zap? [l or ?*] In what direction? The bolt of cold hits the guard! The guard gets angry! The bolt of cold bounces! The bolt of cold hits the guard! The bolt of cold hits you! You hear the howling of the CwnAnnwn... What do you want to zap? [l or ?*] In what direction? You kill the guard! Welcome to experience level 4. The bolt of cold bounces! The bolt of cold hits you! You die... Inventory: Coins ('$') $ - 1773 gold pieces Weapons (')') a - an uncursed +0 dagger A - an uncursed +0 dagger b - 11 uncursed +0 orcish daggers (at the ready) Armor ('[') m - a cursed +0 orcish helm y - an uncursed +0 pair of gauntlets of fumbling (being worn) u - an uncursed +0 pair of water walking boots (being worn) r - a cursed -1 oilskin cloak (being worn) c - an uncursed +1 leather armor (being worn) Comestibles ('%') g - 2 uncursed food rations h - an uncursed tripe ration Scrolls ('?') i - a cursed scroll of blank paper (wielded) Spellbooks ('+') n - an uncursed spellbook of force bolt p - an uncursed spellbook of healing Potions ('!') s - an uncursed potion of healing x - an uncursed potion of see invisible d - an uncursed potion of sickness Rings ('=') t - an uncursed ring of teleport control Wands ('/') l - a cursed wand of cold (0:5) Tools ('(') f - an empty uncursed sack e - an uncursed lock pick Gems/Stones ('*') k - an uncursed jade stone j - an uncursed opal Arasaka the Rogue's attributes: Background: You were a Cutpurse, a level 4 male orcish Rogue. You were chaotic, nominally on a mission for Kos who was opposed by Issek (lawful) and Mog (neutral). You were right-handed. You were in the Dungeons of Doom, on level 4. You entered the dungeon 1177 turns ago. You had 159 experience points, 1 more was needed to attain level 5. Basics: You had 0 out of 35 hit points. You had all 8 energy points (spell power). Your armor class was 5. Your wallet contained 1773 zorkmids. Autopickup was on for '$"?' plus thrown, with exceptions. Final Characteristics: Your strength was 13 (limit:18/50). Your dexterity was 18 (limit:18). Your constitution was 15 (limit:18). Your intelligence was 12 (limit:16). Your wisdom was 8 (limit:16). Your charisma was 10 (limit:16). Final Status: You fumbled. You weren't hungry. You were unencumbered. You were wielding a scroll. Final Attributes: You had transgressed. You were poison resistant. You had infravision. You were stealthy. You could walk on water. You were guarded. You are dead. Miscellaneous: You disabled loading of bones levels. Total elapsed playing time was 5 minutes and 40 seconds. Major events: Turn 1: Arasaka the chaotic male orcish Rogue entered the dungeon 722: attained the rank of Cutpurse (level 3) 1177: killed by a bolt of cold zapped by himself Vanquished creatures: a guard a gas spore 2 hobbits 2 giant rats a red mold a gecko 3 jackals a goblin a sewer rat 2 grid bugs 6 lichens a kobold zombie a newt 23 creatures vanquished. No species were genocided or became extinct. Voluntary challenges: You were an atheist. You read items or engraved 4 times. You never engraved Elbereth. You never genocided any monsters. You never polymorphed an object. You never changed form. You used no wishes. Achievement: You attained the rank of Cutpurse. The Dungeons of Doom: levels 1 to 4 Level 1: A grave. Level 2: Level 3: A fountain. Level 4: <- You were here. Final resting place for you, killed by a bolt of cold zapped by yourself. Game over: ---------- / \ / REST \ / IN \ / PEACE \ / \ | Arasaka | | 1773 Au | | killed by a bolt | | of cold zapped | | by himself | | | | 2023 | *| * * * | * _________)/\\_//(\/(/\)/\//\/|_)_______ Goodbye Arasaka the Rogue... You died in The Dungeons of Doom on dungeon level 4 with 2788 points, and 1773 pieces of gold, after 1177 moves. You were level 4 with a maximum of 35 hit points when you died.